 Dungeon Crawl Stone Soup version 0.29.1-2-gbd0b4ee654 (webtiles) character file.

Game seed: 1249647802904456089

4955 BlackCrag the Basher (level 10, -1/136 HPs)
             Began as a Minotaur Berserker on Oct 28, 2022.
             Was an Elder of Trog.
             Succumbed to a hornet's poison
             ... on level 8 of the Dungeon.
             The game lasted 00:36:01 (8282 turns).

BlackCrag the Basher (Minotaur Berserker)           Turns: 8282, Time: 00:36:02

Health: -1/136     AC: 14    Str: 32    XL:     10   Next: 28%
Magic:  9/9        EV: 12    Int:  4    God:    Trog [****..]
Gold:   242        SH:  0    Dex: 10    Spells: 9/9 levels left

rFire   . . .      SeeInvis +   H - +9 long sword "Conservator" {vorpal, rC+ Will+}
rCold   + . .      Faith    .   (no shield)
rNeg    . . .      Spirit   .   K - +0 acid dragon scales
rPois   .          Reflect  .   (helmet restricted)
rElec   .          Harm     .   y - +0 cloak
rCorr   +          Rampage  .   F - +0 pair of gloves
Will    +....                   d - +2 pair of boots
Stlth   ..........              k - amulet of magic regeneration
HPRegen 0.32/turn               b - ring of see invisible
MPRegen 0.51/turn               t - +6 ring of strength

@: berserking (expiring), lethally poisoned (-1 -> -7), very quick
A: horns 2, retaliatory headbutt
a: Renounce Religion, Berserk, Trog's Hand, Brothers in Arms


You were on level 8 of the Dungeon.
You worshipped Trog.
Trog was greatly pleased with you.
You visited 1 branch of the dungeon, and saw 8 of its levels.
You also visited: Ossuary.

You collected 473 gold pieces.
You spent 231 gold pieces at shops.

Inventory:

Hand Weapons
 i - a +1 mace of holy wrath
 C - a +2 flail of draining
 H - the +9 long sword "Conservator" (weapon) {vorpal, rC+ Will+}
   (You found it on level 7 of the Dungeon)

   It inflicts extra damage upon your enemies.
   rC:        It protects you from cold.
   Will:      It increases your willpower.
Missiles
 e - a throwing net (quivered)
 n - 10 poisoned darts
 q - 3 atropa-tipped darts
Armour
 d - a +2 pair of boots (worn)
 y - a +0 cloak (worn)
 F - a +0 pair of gloves (worn)
 I - a +0 troll leather armour
 K - +0 acid dragon scales (worn)
Jewellery
 b - a ring of see invisible (left hand)
 f - a ring of flight
 h - a ring of willpower
 k - an amulet of magic regeneration (around neck)
 t - a +6 ring of strength (right hand)
 E - a ring of resist corrosion
Wands
 a - a wand of polymorph (10)
 m - a wand of quicksilver (6)
 o - a wand of mindburst (30)
Scrolls
 c - a scroll of enchant armour {unknown}
 p - 4 scrolls of teleportation
 v - 2 scrolls of fear
 x - 2 scrolls of poison
 A - 2 scrolls of magic mapping
 D - 3 scrolls of torment {unknown}
 G - a scroll of summoning {unknown}
 J - 2 scrolls of enchant weapon
Potions
 g - a potion of invisibility {unknown}
 j - a potion of berserk rage {unknown}
 l - a potion of cancellation {unknown}
 r - 3 potions of heal wounds
 s - 4 potions of flight
 u - 2 potions of haste
 w - 6 potions of curing {unknown}
 z - 2 potions of lignification {unknown}
 B - 2 potions of might {unknown}


   Skills:
 * Level 9.2 Fighting
 * Level 6.5 Long Blades
 + Level 11.2 Maces & Flails
 + Level 2.0 Throwing
 + Level 9.3 Armour
 + Level 3.3 Dodging
 + Level 1.3 Stealth
 + Level 0.1 Evocations


You had 9 spell levels left.
You didn't know any spells.
Your spell library was empty.

Dungeon Overview and Level Annotations

Branches:
Dungeon (8/15)             Temple (0/1) D:4            Lair (0/5) D:8
Ossuary (visited)

Altars:
Elyvilon
Okawaru
Wu Jian
Zin

Shops:
D:6 =!


Innate Abilities, Weirdness & Mutations

You have a pair of horns on your head.
You reflexively headbutt those who attack you in melee.


Message History

* * * LOW HITPOINT WARNING * * *
You are more poisoned.
You feel yourself slow down.
You feel yourself speed up.
You feel sick. The hornet stings you.
* * * LOW HITPOINT WARNING * * *
You are lethally poisoned!
You feel yourself slow down.
You can move again.
You closely miss the hornet. You headbutt the hornet!
You kill the hornet!
Trog accepts your kill.
* * * LOW HITPOINT WARNING * * *
You feel very sick.
Your Fighting skill increases to level 9!
You slash the yak! You headbutt the yak.
The yak is severely wounded.
You feel yourself speed up.
* * * LOW HITPOINT WARNING * * *
You feel very sick. The yak misses you. You furiously retaliate!
You headbutt the yak!
You kill the yak!
Trog accepts your kill.
You closely miss the yak.
* * * LOW HITPOINT WARNING * * *
You feel sick. The yak closely misses you. You furiously retaliate!
You headbutt the yak! You barely miss the yak.
The yak is moderately wounded.
* * * LOW HITPOINT WARNING * * *
You feel sick. The yak gores you but does no damage.
Unknown command.
You hit the yak.
The yak is heavily wounded.
* * * LOW HITPOINT WARNING * * *
You feel sick.
You are too berserk!
You hit the yak.
The yak is severely wounded.
You die...

##.#.###.# ##.###.# ##.## #.#
#.#....# #.# #.# ##.#####
#.#######.####.#####.##
#.....................##
#########..............######
#..###.##............
#..###.###.....######
#..Y@...###...##
#..###........# #### #..#
#..####.... .... #... .....
.......... #Y#####
####.####### #Y #.# #. .# #.
##


You could see a yak.

Vanquished Creatures
  A troll (D:8)
  A hornet (D:8)
  5 yaks (D:8)
  A steam dragon (D:8)
  An acid dragon (D:8)
  2 orc warriors
  A sky beast (D:8)
  2 ice beasts
  A black bear (D:6)
  3 ogres
  A centaur (D:6)
  5 wolves (D:8)
  Blork the orc (D:5)
  3 bullfrogs
  3 elf skeletons (D:4)
  2 scorpions
  A necrophage (D:4)
  10 killer bees
  5 electric eels (D:8)
  A jelly (D:6)
  10 hounds
  2 orc priests
  An iguana (D:6)
  Jessica (D:2)
  2 human skeletons (D:4)
  Natasha (thrice) (D:2)
  7 orc wizards
  8 mummies (Ossuary)
  3 gnolls (D:5)
  8 adders
  3 white imps
  A dart slug (D:4)
  22 orcs
  4 endoplasms
  4 giant cockroaches
  9 goblins
  4 hobgoblins
  12 jackals
  3 quokkas
  8 ball pythons
  2 bats (D:1)
  3 frilled lizards
  2 hobgoblin zombies (Ossuary)
  3 kobolds (D:1)
  4 kobold zombies (Ossuary)
  3 orc zombies
  9 rats
  A bush (D:4)
192 creatures vanquished.

Vanquished Creatures (others)
  2 orcs (D:8)
  A fungus (D:1)
3 creatures vanquished.

Grand Total: 195 creatures vanquished

Notes
Turn   | Place    | Note
-------+----------+-------------------------------------------
     0 | D:1      | BlackCrag the Minotaur Berserker began the quest for the
                  | Orb.
     0 | D:1      | Reached XP level 1. HP: 19/19 MP: 0/0
   226 | D:1      | Reached XP level 2. HP: 27/27 MP: 1/1
   228 | D:1      | Reached skill level 4 in Maces & Flails
   350 | D:1      | Reached ** piety under Trog
   677 | D:1      | Reached XP level 3. HP: 30/33 MP: 2/2
   741 | D:1      | Found a faded altar of an unknown god.
   891 | D:2      | Noticed Jessica
   909 | D:2      | Killed Jessica
   946 | D:2      | Reached XP level 4. HP: 40/41 MP: 3/3
   988 | D:2      | Noticed Natasha
  1000 | D:2      | Killed Natasha
  1196 | D:2      | Reached skill level 5 in Maces & Flails
  1479 | D:2      | Noticed Natasha
  1485 | D:2      | Killed Natasha
  1712 | D:2      | Noticed Natasha
  1718 | D:2      | Killed Natasha
  1719 | D:2      | Reached XP level 5. HP: 33/47 MP: 4/4
  1869 | D:3      | Noticed an ogre
  1879 | D:3      | Killed an ogre
  2061 | D:3      | Reached XP level 6. HP: 50/53 MP: 5/5
  2661 | D:4      | Reached skill level 5 in Armour
  2684 | D:4      | Found a staircase to the Ecumenical Temple.
  2728 | D:4      | Found a sand-covered staircase.
  2733 | D:4      | Reached *** piety under Trog
  2737 | Ossuary  | Entered an ossuary
  2766 | Ossuary  | Reached skill level 6 in Maces & Flails
  2782 | Ossuary  | Reached skill level 5 in Fighting
  3228 | D:4      | Reached XP level 7. HP: 58/61 MP: 6/6
  3250 | D:4      | Reached skill level 7 in Maces & Flails
  4132 | D:5      | Entered Level 5 of the Dungeon
  4378 | D:5      | Noticed Blork the orc
  4391 | D:5      | Killed Blork the orc
  4392 | D:5      | Reached skill level 8 in Maces & Flails
  4562 | D:5      | Identified the +2 leather armour of the Depths {rC+ Int-4
                  | Stlth+}
  4598 | D:5      | Lost intelligence.
  4957 | D:5      | Reached XP level 8. HP: 70/70 MP: 7/7
  5124 | D:6      | Found Lacrus's Distillery.
  5129 | D:6      | Bought a potion of heal wounds for 55 gold pieces
  5129 | D:6      | Bought a potion of haste for 110 gold pieces
  5129 | D:6      | Bought 2 potions of flight for 66 gold pieces
  5195 | D:6      | Found Byelec's Jewellery Shoppe.
  5256 | D:6      | Reached skill level 9 in Maces & Flails
  5920 | D:6      | Reached skill level 10 in Maces & Flails
  5977 | D:7      | Reached skill level 1 in Stealth
  5979 | D:7      | Reached skill level 1 in Throwing
  5979 | D:7      | Reached XP level 9. HP: 79/79 MP: 8/8
  6072 | D:7      | Reached **** piety under Trog
  6402 | D:7      | Found a white marble altar of Elyvilon.
  6408 | D:7      | Found an ornate altar of the Wu Jian Council.
  6409 | D:7      | Found an iron altar of Okawaru.
  6412 | D:7      | Found a glowing silver altar of Zin.
  6473 | D:7      | Identified the +9 long sword "Conservator" {vorpal, rC+
                  | Will+}
  6486 | D:7      | Reached skill level 11 in Maces & Flails
  7025 | D:8      | Reached skill level 1 in Long Blades
  7111 | D:8      | Noticed a troll
  7122 | D:8      | Killed a troll
  7708 | D:8      | Reached XP level 10. HP: 75/90 MP: 9/9
  7809 | D:8      | Found a staircase to the Lair.
  8124 | D:8      | Reached skill level 5 in Long Blades
  8275 | D:8      | Paralysed by a hornet for 2 turns
  8278 | D:8      | HP: 4/136 [poisoned by a hornet]
  8281 | D:8      | HP: 1/136 [poisoned by a hornet]
  8282 | D:8      | Succumbed to a hornet's poison

Illustrated notes

Levels and vault maps discovered:
D:1:      grunt_arrival_lava_bath, layout_loops_ring,
          shapermc_ecumenical_altar_petra, serial_glass, glass_columns_c,
          glass_columns_a, minmay_heptomino_o4
D:2:      layout_basic, serial_park_tiny_1, uniq_natasha, uniq_jessica
D:3:      layout_loops_ring
D:4:      layout_gridville, temple_statues, nicolae_ossuary_entry_catacombs,
          serial_forest, infiniplex_forest_end_2, infiniplex_forest_clump_small,
          infiniplex_forest_lined_room_3, infiniplex_forest_straight_3,
          infiniplex_forest_end_1, infiniplex_forest_end_2,
          infiniplex_forest_lined_corner
D:5:      layout_gridville, uniq_blork_the_orc
D:6:      layout_rooms, serial_shops, kennysheep_mini, shop_statue,
          minmay_circle_x
D:7:      layout_loops_ring, minitemple
D:8:      layout_loops_ring, erik_lair_island, chequers_arboretum

Skill      XL: |  1  2  3  4  5  6  7  8  9 10 |
---------------+-------------------------------+-----
Fighting       | 4 5 7 8 9 |  9.2
Maces & Flails | 4 5 6 8 10 11 | 11.2
Armour         | 4 5 6 7 9 |  9.3
Dodging        | 3 |  3.3
Stealth        | 1 |  1.3
Throwing       | 1 2 |  2.0
Long Blades    | 4 6 |  6.5
Evocations     | |  0.1

Action                   |  1- 3 |  4- 6 |  7- 9 | 10-12 || total
-------------------------+-------+-------+-------+-------++-------
Melee: Mace              |    74 |   164 |   123 |       ||   361
       Headbutt          |     8 |    24 |    55 |    11 ||    98
       Punch             |     1 |     3 |     4 |       ||     8
       Flail             |       |       |    94 |       ||    94
       Long sword        |       |       |    52 |    42 ||    94
Throw: Dart              |       |     8 |    10 |       ||    18
       Throwing net      |       |       |     1 |     1 ||     2
Invok: Trog's Hand       |     1 |     1 |     3 |     1 ||     6
       Berserk           |       |     2 |     1 |     1 ||     4
Evoke: Wand              |       |       |     2 |       ||     2
  Use: Scroll            |       |     8 |     6 |       ||    14
       Potion            |       |       |       |     1 ||     1
Armor: Animal skin       |     6 |       |       |       ||     6
       Ring mail         |    35 |     5 |       |       ||    40
       Plate armour      |       |    77 |   174 |       ||   251
       Acid dragon scale |       |       |     2 |    10 ||    12
Dodge: Dodged            |    52 |    49 |   116 |    12 ||   229
